 Dungeon Crawl Stone Soup version 0.20-a0-947-g2784f4f (webtiles) character file.

1634 nikopol the Skirmisher (level 8, 0/78 HPs)
             Began as a Gargoyle Berserker on Apr 3, 2017.
             Was an Elder of Trog.
             Slain by a wraith (3 damage)
             ... on level 10 of the Dungeon.
             The game lasted 00:17:12 (6259 turns).

nikopol the Skirmisher (Gargoyle Berserker)         Turns: 6259, Time: 00:17:13

Health: 0/78       AC: 20    Str: 28    XL:     8   Next: 98%
Magic:  8/8        EV: 11    Int:  7    God:    Trog [****..]
Gold:   57         SH:  0    Dex: 15    Spells: 7/7 levels left

rFire    . . .     SeeInvis .   a - +0 hand axe
rCold    + . .     Gourm    .   (no shield)
rNeg     + . .     Faith    .   D - +1 chain mail {rC+}
rPois    ∞         Spirit   .   l - +0 helmet
rElec    +         Reflect  .   (no cloak)
rCorr    .         Harm     .   s - +0 pair of gloves
MR       .....     Rnd*Tele +   A - +0 pair of boots
Stlth    ..........             (no amulet)
Regen    0.3/turn               g - +5 ring of dexterity
MPRegen  0.2/turn               B - ring of teleportation (curse)

@: berserking, very quick
A: negative energy resistance 1, electricity resistance, unbreathing,
petrification resistance, rot immunity, AC +5
a: Berserk, Trog's Hand, Brothers in Arms, Burn Spellbooks, Renounce Religion


You were on level 10 of the Dungeon.
You worshipped Trog.
Trog was greatly pleased with you.
You were hungry.

You visited 1 branch of the dungeon, and saw 8 of its levels.

You collected 244 gold pieces.
You spent 187 gold pieces at shops.

Inventory:

Hand Weapons
 a - a +0 hand axe (weapon)
 y - a cursed -1 hand axe
 z - a +0 shortbow
Missiles
 m - 84 arrows (quivered)
Armour
 l - a +0 helmet (worn)
 s - a +0 pair of gloves (worn)
 A - a +0 pair of boots (worn)
 D - a +1 chain mail of cold resistance (worn)
Jewellery
 g - a +5 ring of dexterity (left hand)
 B - a cursed ring of teleportation (right hand)
 F - a cursed ring of loudness {unknown}
Wands
 b - a wand of iceblast (3/15)
Scrolls
 e - a scroll of recharging {unknown}
 f - 2 scrolls of noise {unknown}
 j - 4 scrolls of remove curse {unknown}
 n - 10 scrolls of identify {unknown}
 r - 2 scrolls of magic mapping {unknown}
 t - 3 scrolls of teleportation {unknown}
 v - 2 scrolls of enchant armour {unknown}
 C - a scroll of enchant weapon {unknown}
Potions
 d - 5 potions of curing {unknown}
 h - 2 potions of mutation {unknown}
 o - a potion of cancellation {unknown}
 p - a potion of brilliance {unknown}
 q - a potion of agility {unknown}
 w - a potion of lignification {unknown}
 x - a potion of heal wounds {unknown}
 E - a potion of degeneration {unknown}
Books
 u - a book of Minor Magic

   Spells                             Type                      Level
   a - Magic Dart                     Conjuration                  1
   b - Blink                          Translocation                2
   c - Call Imp                       Summoning                    2
   d - Slow                           Hexes                        2
   e - Conjure Flame                  Conjuration/Fire             3
   f - Mephitic Cloud                 Conjuration/Poison/Air       3
   Trog disapproves of the use of such an item.
Comestibles
 c - 5 bread rations
 k - 4 fruits


   Skills:
 + Level 6.3 Fighting
 * Level 5.9 Axes
 * Level 3.6 Bows
 + Level 5.7 Armour
 + Level 4.3 Dodging


You had 7 spell levels left.
You didn't know any spells.

Dungeon Overview and Level Annotations

Branches:
Dungeon (7/15)             Temple (0/1) D:7

Altars:
Fedhas
Okawaru

Shops:
D:4 [   D:5 ?   D:7 !

Annotations:
D:10 Gastronok


Innate Abilities, Weirdness & Mutations

You are resistant to torment.
Your stone body is resilient. (AC +5)
You are immune to poison.
You resist negative energy. (rN+)
You are resistant to electric shocks. (rElec)
You can survive without breathing.
You are immune to petrification.
You are immune to rotting.


Message History

Trog accepts your kill.
You closely miss the wraith. The wraith hits you but does no damage.
You slice the ice beast!!
You kill the ice beast!
Trog accepts your kill.
You hit the jackal. You hit the wraith but do no damage. You miss the adder.
The adder barely misses you. The wraith hits you but does no damage.
Gastronok waves his eye-stalks in wide circles.
The air twists around and strikes you!
* * * LOW HITPOINT WARNING * * *
The jackal closely misses you.
You miss the adder. You hit the wraith. You slash the jackal!
You kill the jackal!
Trog accepts your kill.
You can now call in reinforcements.
The adder bites you but does no damage.
You barely miss the adder. You slash the wraith!
The wraith hits you but does no damage. The adder bites you but does no damage.
You closely miss the adder. You completely miss the wraith.
The wraith hits you.
You die...

................
................
..............
.............
.......^..#
#...$...# #...#
##Sw# #@.# #W)#
#..# ##y# #o.
#... ... ....


You could see Gastronok, a hornet, a wraith, an orc warrior and an adder.

Vanquished Creatures
  The ghost of confidenceinterval the Basher, a novice DsGl (D:4)
  An ice beast (D:10)
  2 ogres
  A centaur (D:5)
  The ghost of nikopol the Skirmisher, an amateur GrBe of Trog (D:3)
  2 bullfrogs
  3 scorpions
  4 wights (D:7)
  A howler monkey (D:5)
  2 hounds
  An orc wizard (D:6)
  An orc priest (D:6)
  Jessica (D:2)
  7 worker ants
  5 adders
  A shadow imp (D:5)
  An ooze (D:3)
  An adder zombie (D:7)
  An adder skeleton (D:4)
  2 worms
  4 dart slugs
  3 leopard geckos
  6 orcs
  2 ball pythons
  7 giant cockroaches
  8 goblins
  6 hobgoblins
  8 jackals
  11 kobolds
  3 quokkas
  8 bats
  7 frilled lizards
  2 jackal skeletons
  A leopard gecko skeleton (D:5)
  2 quokka skeletons
  10 rats
127 creatures vanquished.

Notes
Turn   | Place    | Note
-------+----------+-------------------------------------------
     0 | D:1      | nikopol the Gargoyle Berserker began the quest for the Orb.
     0 | D:1      | Reached XP level 1. HP: 14/14 MP: 1/1
   101 | D:1      | Found an iron altar of Okawaru.
   112 | D:1      | Reached XP level 2. HP: 14/19 MP: 2/2
   930 | D:1      | Reached XP level 3. HP: 18/24 MP: 3/3
  1258 | D:2      | Reached ** piety under Trog
  1334 | D:2      | Reached skill level 4 in Fighting
  1415 | D:2      | Noticed Jessica
  1419 | D:2      | Killed Jessica
  1419 | D:2      | Reached XP level 4. HP: 29/29 MP: 4/4
  2029 | D:3      | Noticed nikopol's ghost (amateur GrBe)
  2040 | D:3      | Killed nikopol's ghost
  2040 | D:3      | Reached XP level 5. HP: 34/34 MP: 5/5
  2856 | D:4      | Noticed confidenceinterval's ghost (novice DsGl)
  2882 | D:4      | Killed confidenceinterval's ghost
  2882 | D:4      | Reached skill level 5 in Fighting
  2882 | D:4      | Reached XP level 6. HP: 17/40 MP: 6/6
  2882 | D:4      | Reached XP level 7. HP: 19/44 MP: 7/7
  3008 | D:4      | Reached *** piety under Trog
  3105 | D:4      | Found Suitif's Antique Armour Emporium.
  4034 | D:5      | Entered Level 5 of the Dungeon
  4411 | D:5      | Reached skill level 5 in Armour
  4557 | D:5      | Found Cotusch's Magic Scroll Shoppe.
  4686 | D:5      | Reached XP level 8. HP: 46/51 MP: 8/8
  4762 | D:4      | Bought a runed chain mail for 187 gold pieces
  5213 | D:6      | Reached skill level 5 in Axes
  5213 | D:6      | Reached skill level 1 in Bows
  5463 | D:6      | Reached skill level 6 in Fighting
  5808 | D:7      | Found a staircase to the Ecumenical Temple.
  5816 | D:7      | Found Gokyriy Ynwe's Distillery.
  5898 | D:7      | Found a blossoming altar of Fedhas.
  6237 | D:7      | You fall through a shaft for 3 floors!
  6237 | D:10     | Entered Level 10 of the Dungeon
  6237 | D:10     | Noticed Gastronok
  6246 | D:10     | Noticed a wraith
  6252 | D:10     | Noticed a hornet
  6256 | D:10     | HP: 3/78 [Gastronok/the air (25)]
  6257 | D:10     | Reached **** piety under Trog
  6259 | D:10     | Slain by a wraith

Vault maps used:
D:1:      lightli_arrival_quake, glass_columns_a, corexii_corridor_pit,
          okawaru_ov_weapons_minmay
D:2:      uniq_jessica
D:3:      grunt_ministairs_7
D:4:      first_bread, serial_shops, kennysheep_little_box,
          minmay_goblin_kobold_house
D:5:      serial_shops, shop
D:7:      temple_statues, serial_shops, nicolae_shop_trees, grunt_livestock,
          fedhas_altar_1
D:10:     david_orc_4, serial_gnoll_camp, gnoll_camp_mini_hut,
          gnoll_camp_mini_doghouse, gnoll_camp_huts_basic, gnoll_camp_mini_shop,
          gnoll_camp_mini_basic, gnoll_camp_mini_shop, st_stairs_8, uniq_snorg,
          uniq_gastronok

Skill      XL: |  1  2  3  4  5  6  7  8 |
---------------+-------------------------+-----
Axes           | 3 4 5 |  5.9
Dodging        | 2 3 4 |  4.3
Fighting       | 4 5 6 |  6.3
Armour         | 3 4 5 |  5.7
Bows           | 3 |  3.6

Action                   |  1- 3 |  4- 6 |  7- 9 || total
-------------------------+-------+-------+-------++-------
Melee: Hand axe          |    89 |   121 |   273 ||   483
 Fire: Shortbow          |       |       |    35 ||    35
Invok: Berserk           |     1 |     1 |     3 ||     5
  Eat: Chunk             |     2 |     6 |    13 ||    21
Armor: Animal skin       |    10 |       |       ||    10
       Ring mail         |    41 |    51 |    39 ||   131
       Leather armour    |     2 |       |       ||     2
       Scale mail        |       |       |    28 ||    28
       Chain mail        |       |       |    99 ||    99
Dodge: Dodged            |    66 |    72 |   171 ||   309
